 Seeded DCSS version 0.30.1-4-g462c640d31 (webtiles) character file.

Game seed: 16653573533833982129 (custom seed)

735 Psyclone the Tainter (level 7, 0/41 HPs)
             Began as an Octopode Venom Mage on Sept 18, 2023.
             Splashed by a jelly's acid (3 damage)
             ... in a sewer.
             The game lasted 00:14:42 (3647 turns).

Psyclone the Tainter (Octopode Venom Mage)          Turns: 3647, Time: 00:14:42

Health: 0/41       AC: -3    Str:  7    XL:     7   Next: 74%
Magic:  15/15      EV: 13    Int: 19    God:
Gold:   190        SH:  0    Dex: 15    Spells: 10/17 levels left

rFire   . . .        a - +9 staff of Olgreb {rPois∞}
rCold   . . .        (no shield)
rNeg    . . .        (helmet restricted)
rPois   ∞            (no amulet)
rElec   .            h - ring "Ofenanek" {rPois AC+4 Dex+2}
rCorr   .            (no ring)
SInv    .            (no ring)
Will    .....        (no ring)
Stlth   +++          (no ring)
HPRegen 0.26/turn    (no ring)
MPRegen 0.14/turn    (no ring)
                     (no ring)

%: no passive effects
@: corroded
A: almost no armour, amphibious, 8 rings, camouflage 1, gelatinous body 1,
(nimble swimmer 1), tentacles
a: Evoke the Staff of Olgreb


You were in a sewer.
You visited 1 branch of the dungeon, and saw 4 of its levels.
You also visited: Sewer.

You collected 190 gold pieces.

Inventory:

Hand Weapons
 a - the +9 staff of Olgreb (weapon) {rPois∞}
   (You found it on level 3 of the Dungeon)

   It enhances your poison magic.
   It grants immunity to poison.
   It can be activated via the 'a'bility menu to radiate toxic energy, with
   effectiveness depending on Evocations skill.
Magical Staves
 y - a staff of air
Jewellery
 f - a +6 ring of intelligence
 h - the ring "Ofenanek" (left tentacle) {rPois AC+4 Dex+2}
   (You acquired it on level 1 of the Dungeon)

   [ring of protection]

   AC:        It affects your AC (+4).
   Dex:       It affects your dexterity (+2).
   rPois:     It protects you from poison.
 n - an amulet of the acrobat
Scrolls
 b - 2 scrolls of amnesia {unknown}
 c - 3 scrolls of butterflies {unknown}
 i - a scroll of magic mapping {unknown}
 j - 7 scrolls of identify {@r1}
 o - 2 scrolls of immolation {unknown}
 q - 2 scrolls of teleportation {unknown}
 r - 2 scrolls of poison {unknown}
 t - a scroll of noise {unknown}
 w - a scroll of fog {unknown}
 x - a scroll of blinking {unknown}
Potions
 d - 2 potions of ambrosia {unknown}
 e - a potion of attraction {unknown}
 g - a potion of might {unknown}
 k - a potion of curing
 l - a potion of berserk rage {unknown}
 m - a potion of magic
 p - a potion of haste {unknown}
 s - 2 potions of brilliance {unknown}
 u - 2 potions of heal wounds {unknown}
 v - a potion of invisibility {unknown}
 z - a potion of cancellation {unknown}
 A - a potion of lignification {unknown}


   Skills:
 - Level 2.0 Dodging
 - Level 2.6 Stealth
 + Level 5.6 Spellcasting
 - Level 1.0 Transmutations
 - Level 8.0 Poison Magic


You had 10 spell levels left.
You knew the following spells:

 Your Spells              Type           Power      Damage    Failure   Level
a - Poisonous Vapours     Pois/Air       60%        N/A       3%          2
v - Sting                 Tmut/Pois      100%       1d8       1%          1
x - Olgreb's Toxic Radia  Pois           52%        N/A       4%          4

Your spell library contained the following spells:

 Spells                   Type           Power      Damage    Failure   Level
 Foxfire                  Conj/Fire      20%        2x1d5     12%         1
 Sandblast                Erth           10%        2d5       12%         1
 Mephitic Cloud           Conj/Pois/Air  23%        N/A       12%         3
 Passwall                 Tmut/Erth      5%         N/A       14%         2
 Stone Arrow              Conj/Erth      10%        3d7       34%         3
 Fireball                 Conj/Fire      2%         3d4       97%         5
 Plasma Beam              Fire/Air       2%         2x1d14    100%        6
 Starburst                Conj/Fire      2%         6d3       100%        6


Dungeon Overview and Level Annotations

Branches:
Dungeon (4/15) Zot: 20633   Sewer (1/1) Zot: 5703
 Temple: D:4-7

Altars:

Shops:
D:2 *


Innate Abilities, Weirdness & Mutations

You cannot wear most types of armour.
You are amphibious.
You can wear up to eight rings at the same time.
Your skin changes colour to match your surroundings (Stealth+).
Your rubbery body absorbs attacks. (AC +1, EV +1)
((You are camouflaged when in or above water. (Stealth+)))
You have tentacles for arms and can constrict up to eight enemies at once.


Message History

You enter the shallow water.
You enter the shallow water.
You enter the shallow water.
You enter the shallow water.
Found a white potion.
You enter the shallow water.
u - 2 bubbling green potions (gained 1)
s - 2 white potions (gained 1)
You enter the shallow water.
Found a gate leading back out of this place.
Found a bubbling coppery potion and a quarterstaff.
You enter the shallow water.
A jelly comes into view.
A frilled lizard comes into view.
You enter the shallow water.
A giant cockroach comes into view.
The helpless jelly fails to defend itself.
You hit the jelly.
Your tentacles burn!
The jelly is moderately wounded.
The jelly completely misses you.
You take 1 damage, and have 36/41 hp.
You hit the jelly.
Your tentacles burn!
The jelly is heavily wounded.
The jelly jiggles.
The jelly hits you. The acid corrodes you!
You are splashed with acid!
You take 11 damage, and have 25/41 hp.
MASSIVE DAMAGE!!
You barely miss the jelly.
The jelly is heavily wounded.
The jelly hits you.
You are splashed with acid!
The giant cockroach bites you but does no damage.
The jelly barely misses you.
You take 10 damage, and have 15/41 hp.
MASSIVE DAMAGE!!
You hit the jelly.
Your tentacles burn!
The jelly is severely wounded.
The giant cockroach bites you. The jelly hits you.
* * * LOW HITPOINT WARNING * * *
The acid corrodes you!
You are splashed with acid!
* * * LOW HITPOINT WARNING * * *
You take 12 damage, and have 3/41 hp.
MASSIVE DAMAGE!!
You hit the jelly. The acid corrodes you!
Your tentacles burn!
You die...

#..~ ##~.~ ~.. #.~~
#~~ ##l~# ###~.##
##~~~# ##.~~~.~##
#.~~~###∩. ~..~.#
#BJ.###~.~###...#
#!@..##.~##.##.~###
##~..##~.#~..#.~~~~
##~~##..~~.##~....
#~~.##~~.##.~.##~
##.~~...~#~†.##..
##~~~~~~...##.~~
###.~~....##..#
###.~...~####
##~~..~~~.##


You could see a jelly, a giant cockroach and a frilled lizard (asleep).

Vanquished Creatures
  Sigmund (D:3)
  Blork the orc (D:4)
  A scorpion (D:4)
  A hound (D:2)
  Crazy Yiuf (D:3)
  2 jellies (Sewer)
  Natasha (D:2)
  Terence (D:2)
  2 iguanas (D:4)
  11 adders
  3 worms (D:2)
  A dart slug (D:3)
  6 orcs (D:3)
  10 ball pythons
  18 endoplasms
  8 giant cockroaches
  7 hobgoblins
  10 jackals
  A quokka (D:1)
  4 bats
  11 frilled lizards
  7 goblins
  2 kobolds
  8 rats
118 creatures vanquished.

Notes
Turn   | Place    | Note
-------+----------+-------------------------------------------
     0 | D:1      | Psyclone the Octopode Venom Mage began the quest for the
                  | Orb.
     0 | D:1      | Reached XP level 1. HP: 11/11 MP: 3/3
    34 | D:1      | Reached skill level 4 in Poison Magic
   110 | D:1      | Reached XP level 2. HP: 17/17 MP: 3/5
   114 | D:1      | Learned a level 2 spell: Poisonous Vapours
   202 | D:1      | Identified a scroll of acquirement
   202 | D:1      | Acquired the ring "Ofenanek" {rPois AC+4 Dex+2}
   653 | D:1      | Reached skill level 5 in Poison Magic
   653 | D:1      | Reached XP level 3. HP: 21/21 MP: 1/6
  1051 | D:2      | Noticed Natasha
  1064 | D:2      | Killed Natasha
  1065 | D:2      | Reached XP level 4. HP: 22/27 MP: 2/7
  1143 | D:2      | Noticed Terence
  1148 | D:2      | Killed Terence
  1149 | D:2      | Reached skill level 6 in Poison Magic
  1341 | D:2      | Reached XP level 5. HP: 27/31 MP: 1/8
  1345 | D:2      | Reached skill level 7 in Poison Magic
  1651 | D:2      | Found Naoclo's General Store.
  1869 | D:3      | Found a faded altar of an unknown god.
  1875 | D:3      | Learned a level 4 spell: Olgreb's Toxic Radiance
  1926 | D:3      | Noticed Sigmund
  1949 | D:3      | Killed Sigmund
  1950 | D:3      | Reached skill level 8 in Poison Magic
  1950 | D:3      | Reached XP level 6. HP: 25/36 MP: 0/10
  2286 | D:3      | Found the +9 staff of Olgreb {rPois∞}
  2913 | D:3      | Found a runed translucent door.
  2914 | D:3      | Noticed Crazy Yiuf
  2922 | D:3      | Killed Crazy Yiuf
  3134 | D:4      | Reached XP level 7. HP: 41/41 MP: 11/13
  3171 | D:4      | Noticed Blork the orc
  3184 | D:4      | Killed Blork the orc
  3321 | D:4      | Found a glowing drain.
  3333 | D:4      | Reached skill level 5 in Spellcasting
  3355 | Sewer    | Entered a sewer
  3647 | Sewer    | Splashed by a jelly's acid

Illustrated notes

Levels and vault maps discovered:
D:1:      dpeg_arrival_tiny_k, layout_loops_ring, minmay_hexomino_c4
D:2:      layout_basic, serial_shops, shop, minmay_joined_circles, uniq_natasha,
          uniq_terence
D:3:      layout_loops_corners, chequers_ecumenical_altar_simple,
          nicolae_half_adder, uniq_crazy_yiuf_cottage, uniq_sigmund
D:4:      layout_basic, gup_sewer_entry_glass, uniq_blork_the_orc
Sewer:    sewer_hellmonk_slimy_pipes

Skill      XL: |  1  2  3  4  5  6  7 |
---------------+----------------------+-----
Poison Magic   | 4 5 6 8 |  8.0
Spellcasting   | 3 4 5 |  5.6
Dodging        | |  2.0
Stealth        | |  2.6
Transmutations | |  1.0

Action                     |  1- 3 |  4- 6 |  7- 9 || total
---------------------------+-------+-------+-------++-------
  Melee: Unarmed           |    14 |       |       ||    14
         Constrict         |    18 |    24 |     4 ||    46
         Tentacles         |    13 |    22 |     9 ||    44
         Mace              |    23 |       |       ||    23
         Dagger            |    19 |    97 |       ||   116
         Staff             |       |    19 |    34 ||    53
         Punch             |       |     3 |       ||     3
   Cast: Sting             |     5 |       |       ||     5
         Poisonous Vapours |    11 |    30 |    13 ||    54
         Olgreb's Toxic Ra |       |     1 |     4 ||     5
    Use: Scroll            |     2 |       |       ||     2
   Stab: Sleeping          |     8 |    12 |     5 ||    25
 Armour: Skin              |     8 |    20 |     6 ||    34
  Dodge: Dodged            |    30 |    61 |    26 ||   117
